 Dungeon Crawl Stone Soup version 0.20.1-1-g8b1a95d (webtiles) character file.

291 ScottishVillain the Cudgeler (level 6, -6/47 HPs)
             Began as a Demonspawn Wanderer on Dec 27, 2017.
             Was an Initiate of Yredelemnul.
             Killed from afar by a river rat (10 damage)
             ... with an exploding inner flame
             ... hexed by the player character
             ... on level 4 of the Dungeon.
             The game lasted 00:23:19 (2369 turns).

ScottishVillain the Cudgeler (Demonspawn Wanderer)  Turns: 2369, Time: 00:23:19

Health: -6/47      AC: 10    Str: 13    XL:     6   Next: 10%
Magic:  9/9        EV: 17    Int: 14    God:    Yredelemnul [......]
Gold:   116        SH:  8    Dex: 18    Spells: 9/9 levels left

rFire    + . .     SeeInvis .   b - +1 mace
rCold    + . .     Gourm    .   s - +0 buckler
rNeg     . . .     Faith    .   a - +2 scale mail
rPois    +         Spirit   .   (no helmet)
rElec    +         Reflect  .   (no cloak)
rCorr    +         Harm     .   (no gloves)
MR       .....                  r - +0 pair of boots
Stlth    +++.......             (no amulet)
Regen    0.2/turn               l - ring of loudness
MPRegen  0.2/turn               p - +3 ring of evasion

@: agile, resistant
A: large bone plates 1, nightstalker 2
a: Renounce Religion


You were on level 4 of the Dungeon.
You worshipped Yredelemnul.
Yredelemnul was noncommittal.
You were not hungry.

You visited 1 branch of the dungeon, and saw 4 of its levels.

You collected 116 gold pieces.

Inventory:

Hand Weapons
 b - a +1 mace (weapon)
 h - a +0 club
Missiles
 e - 13 arrows
Armour
 a - a +2 scale mail (worn)
 i - a +2 leather armour of magic resistance
 r - a +0 pair of boots (worn)
 s - a +0 buckler (worn)
Jewellery
 l - a ring of loudness (left hand)
 p - a +3 ring of evasion (right hand)
Scrolls
 t - 2 scrolls of recharging
Potions
 g - a potion of brilliance
 k - a potion of haste {unknown}
 n - a potion of invisibility {unknown}
Comestibles
 d - 3 bread rations
 f - a meat ration


   Skills:
 + Level 3.3 Fighting
 + Level 3.3 Maces & Flails
 + Level 3.2 Armour
 + Level 1.5 Dodging
 + Level 0.8 Stealth
 + Level 1.3 Shields
 + Level 2.2 Spellcasting
   Level 1.0 Conjurations
   Level 1.0 Evocations


You had 9 spell levels left.
You didn't know any spells.

Dungeon Overview and Level Annotations

Branches:
Dungeon (4/15)
 Temple: D:4-7

Altars:
Fedhas
Okawaru
Ru
Yredelemnul
The Shining One


Innate Abilities, Weirdness & Mutations

You are partially covered in large bone plates. (SH +4)
You are significantly more attuned to the shadows.


Message History

The fiery explosion engulfs the rat.
The rat explodes!
The fiery explosion engulfs the rat.
The rat explodes!
The fiery explosion engulfs the rat.
The rat explodes!
The fiery explosion engulfs the rat.
The rat explodes!
The fiery explosion engulfs the river rat.
The river rat explodes!
The fiery explosion engulfs the rat.
The rat explodes!
Yredelemnul accepts your kill.
You feel a bit more experienced. Yredelemnul accepts your kill. x7
The fiery explosion engulfs the river rat.
The river rat explodes!
The fiery explosion engulfs you! You resist.
You die...
Your body rises from the dead as a mindless zombie.

.....############
................##
...############..#
##.# #####.# #.#
#.§§#.# #.#
#§§§#§# #. #§§§§§#
#§§§§§# #§§§§@#
#§§§#§# #§§.#.#
### #.# #.# ..#


There were no monsters in sight!

Vanquished Creatures
  Grinder (D:3)
  An adder (D:3)
  2 river rats (D:4)
  2 oozes (D:2)
  3 worms
  3 dart slugs (D:1)
  A leopard gecko (D:2)
  An orc (D:3)
  3 giant cockroaches
  3 hobgoblins
  4 jackals (D:1)
  4 frilled lizards
  4 goblins
  2 kobolds
  11 rats
  A fungus (D:1)
  A plant (D:2)
47 creatures vanquished.

Notes
Turn   | Place    | Note
-------+----------+-------------------------------------------
     0 | D:1      | ScottishVillain the Demonspawn Wanderer began the quest for the Orb.
     0 | D:1      | ScottishVillain set off with: a +2 scale mail, a +0 mace, a potion of curing, a bread ration
     0 | D:1      | Reached XP level 1. HP: 16/16 MP: 3/3
   359 | D:1      | Gained mutation: You are slightly more attuned to the shadows. [demonic ancestry]
   359 | D:1      | Reached XP level 2. HP: 22/22 MP: 5/5
   851 | D:1      | You fall through a shaft!
   932 | D:2      | Found a blossoming altar of Fedhas.
  1303 | D:2      | Reached XP level 3. HP: 20/28 MP: 6/6
  1670 | D:3      | Noticed Grinder
  1682 | D:3      | Paralysed by Grinder for 6 turns
  1701 | D:3      | Paralysed by Grinder for 2 turns
  1709 | D:3      | Killed Grinder
  1709 | D:3      | Reached skill level 1 in Dodging
  1709 | D:3      | Reached XP level 4. HP: 20/35 MP: 7/7
  1709 | D:3      | Gained mutation: You are significantly more attuned to the shadows. [demonic ancestry]
  1709 | D:3      | Reached XP level 5. HP: 24/41 MP: 8/8
  2161 | D:3      | Gained mutation: You are partially covered in large bone plates. (SH +4) [demonic ancestry]
  2161 | D:3      | Reached XP level 6. HP: 47/47 MP: 9/9
  2182 | D:3      | Found an iron altar of Okawaru.
  2184 | D:3      | Found a glowing golden altar of the Shining One.
  2274 | D:3      | Found a sacrificial altar of Ru.
  2274 | D:3      | Found a basalt altar of Yredelemnul.
  2282 | D:3      | Became a worshipper of Yredelemnul the Dark
  2369 | D:4      | Killed from afar by a river rat

Skill      XL: |  1  2  3 |
---------------+----------+-----
Armour         | 2 3 |  3.2
Fighting       | 3 |  3.3
Maces & Flails | 3 |  3.3
Dodging        | 1 |  1.5
Stealth        | |  0.8
Shields        | |  1.3
Spellcasting   | |  2.2
Conjurations   | |  1.0
Evocations     | |  1.0

Action                   |  1- 3 |  4- 6 || total
-------------------------+-------+-------++-------
Melee: Mace              |   199 |    48 ||   247
  Use: Scroll            |     2 |     5 ||     7
       Potion            |     4 |     4 ||     8
  Eat: Meat ration       |     1 |       ||     1
       Chunk             |     1 |       ||     1
Armor: Scale mail        |    47 |    36 ||    83
       Skin              |    22 |       ||    22
Dodge: Dodged            |    50 |    41 ||    91
Block: Buckler           |     5 |    26 ||    31
